 Dungeon Crawl Stone Soup version 0.23.2-1-ga50397a6bc (webtiles) character file.

Game seed: 16691881951348122038

478 OMOHnopBeT the Ducker (level 6, -1/31 HPs)
             Began as a Spriggan Arcane Marksman on May 5, 2019.
             Was an Initiate of Okawaru.
             Killed by divine providence
             ... invoked by an orc priest
              (16 damage)
             ... on level 5 of the Dungeon on May 8, 2019.
             The game lasted 00:33:37 (5118 turns).

OMOHnopBeT the Ducker (Spriggan Arcane Marksman)    Turns: 5118, Time: 00:34:06

Health: -1/31      AC:  3    Str:  6    XL:     6   Next: 86%
Magic:  8/12       EV: 20    Int: 17    God:    Okawaru [......]
Gold:   241        SH:  0    Dex: 16    Spells: 4/12 levels left

rFire    . . .     SeeInvis +   a - +1 shortbow
rCold    . . .     Gourm    .   (shield currently unavailable)
rNeg     . . .     Faith    .   e - +1 robe
rPois    .         Spirit   .   (helmet restricted)
rElec    .         Reflect  .   (no cloak)
rCorr    .         Harm     .   (gloves unavailable)
MR       +....                  (boots unavailable)
Stlth    ++........             (no amulet)
HPRegen  0.10/turn              (no ring)
MPRegen  0.13/turn              (no ring)

@: very quick
A: very small, unfitting armour, see invisible, herbivore, speed 3, slow
metabolism 2
a: Renounce Religion


You were on level 5 of the Dungeon.
You worshipped Okawaru.
Okawaru was noncommittal.
You were near starving.

You visited 2 branches of the dungeon, and saw 6 of its levels.
You also visited: Sewer.

You collected 241 gold pieces.

Inventory:

Hand Weapons
 a - a +1 shortbow (weapon)
 b - a +3 dagger of protection
 o - the +9 hand crossbow of the Spectre {flame, Str+5 Dex+2}
   (You found it on level 4 of the Dungeon)

   It causes projectiles fired from it to burn those they strike, causing extra
   injury to most foes and up to half again as much damage against particularly
   susceptible opponents.
   It affects your strength (+5).
   It affects your dexterity (+2).
 u - the +0 dagger "Tormentor" {pierce, *Rage +Blink rC+ MR+, unknown}
   (You found it on level 5 of the Dungeon)

   It inflicts extra damage upon your enemies.
   It protects you from cold.
   It affects your resistance to hostile enchantments.
   It lets you blink.
   It may make you go berserk in combat.
Missiles
 d - 29 arrows (quivered)
Armour
 e - a +1 robe (worn)
Scrolls
 g - 5 scrolls of teleportation
 l - a scroll of immolation {unknown}
 m - 2 scrolls of amnesia
 r - a scroll of fog
 s - a scroll of blinking {unknown}
 v - a scroll of remove curse
Potions
 c - 2 potions of lignification {unknown}
 h - 2 potions of brilliance {unknown}
 i - 5 potions of heal wounds
 j - 2 potions of curing {unknown}
 k - a potion of mutation {unknown}
 n - a potion of ambrosia {unknown}
 p - 2 potions of degeneration {unknown}
 q - 2 potions of haste {unknown}
 t - 6 potions of flight
Comestibles
 f - 9 rations


   Skills:
 + Level 2.3 Fighting
 + Level 4.1 Bows
 + Level 5.2 Dodging
 + Level 3.2 Stealth
 + Level 3.6 Spellcasting
 + Level 5.0 Hexes
 + Level 1.1 Fire Magic
 + Level 0.3 Invocations


You had 4 spell levels left.
You knew the following spells:

 Your Spells              Type           Power        Failure   Level  Hunger
a - Corona                Hex            ###....      1%          1    None
b - Slow                  Hex            ###.....     3%          2    ##.....
c - Inner Flame           Hex/Fire       ##......     14%         3    ###....
d - Sticks to Snakes      Tmut           #.......     24%         2    ##.....

Your spell library contained the following spells:

 Spells                   Type           Power        Failure   Level  Hunger
 Beastly Appendage        Tmut           #.....       16%         1    None
 Sandblast                Erth           #.....       16%         1    None
 Portal Projectile        Hex/Tloc       ##....       17%         3    ###....
 Cause Fear               Hex            ###.......   21%         4    ####...
 Passwall                 Tmut/Erth      #.......     24%         2    ##.....
 Spider Form              Tmut/Pois      #.........   43%         3    ###....
 Stone Arrow              Conj/Erth      #.....       43%         3    ###....
 Leda's Liquefaction      Hex/Erth       ##........   50%         4    ####...
 Ice Form                 Ice/Tmut       #.......     85%         4    ####...
 Petrify                  Tmut/Erth      #.......     85%         4    ####...
 Blade Hands              Tmut           #.........   99%         5    ######.
 Lee's Rapid Deconstruct  Erth           #.........   99%         5    ######.


Dungeon Overview and Level Annotations

Branches:
Dungeon (5/15)             Temple (1/1) D:5

Altars:
Ashenzari
Cheibriados
Dithmenos
Elyvilon
Gozag
Hepliaklqana
Kikubaaqudgha
Makhleb
Nemelex Xobeh
Okawaru
Qazlal
Ru
Sif Muna
Uskayaw
Vehumet
Wu Jian
Xom
Yredelemnul
Zin


Innate Abilities, Weirdness & Mutations

You are very small and have problems with some larger weapons.
You are too small for most types of armour.
You have supernaturally acute eyesight. (SInv)
You are a herbivore.
You cover ground extremely quickly.
You need to consume almost no food.


Message History

Firing (i - inventory)
d - 31 arrows (quivered)
Press: ? - help, Shift-Dir - straight line, f/p - orc priest
Aim: an orc priest, wielding a +0 hand axe and wearing a +0 leather armour (heavily wounded, softly glowing)
You shoot an arrow. The arrow hits the orc priest.
The orc priest is severely wounded.
The orc priest stops glowing.
The orc priest hits you with a +0 hand axe!
You are too injured to fight recklessly!
Unknown command.
Okay, then.
Firing (i - inventory)
d - 30 arrows (quivered)
Press: ? - help, Shift-Dir - straight line, f/p - orc priest
Aim: an orc priest, wielding a +0 hand axe and wearing a +0 leather armour (severely wounded)
You shoot an arrow.
The arrow hits the orc priest but does no damage.
The orc priest is severely wounded.
The orc priest invokes the aid of Beogh against you.
Beogh smites you!
Ouch! That really hurt!
You die...

#..................(....#
####.##...##...#.###o.#
#....##...##...#.###..#
###.##.............##...#
..........>........#(#..####..
###.#.......((.#.#...........#
#..#.##...##.>......(#####
#.##.##..(##.#.#.##..#
...##.....(....@o###.(#
#.######....####.## #..# #.
##...# #.####..# # #..o#
#.......# ###(# ######.## #(#
#.# #.# #####.# #.# ##.....#
#.# #.#.#.##


You could see an orc priest.

Vanquished Creatures
  A phantom (D:4)
  A hound (D:5)
  2 iguanas
  Terence (D:3)
  5 worker ants
  3 adders
  2 river rats (D:4)
  An ooze (D:4)
  2 adder skeletons
  2 worms
  6 leopard geckos
  5 orcs
  A ball python (D:4)
  9 giant cockroaches
  8 goblins
  3 hobgoblins
  10 jackals
  2 quokkas
  11 bats
  8 frilled lizards
  6 kobolds
  12 rats
101 creatures vanquished.

Notes
Turn   | Place    | Note
-------+----------+-------------------------------------------
     0 | D:1      | OMOHnopBeT the Spriggan Arcane Marksman began the quest for
                  | the Orb.
     0 | D:1      | Reached XP level 1. HP: 9/9 MP: 3/3
   168 | D:1      | Reached skill level 1 in Fighting
   198 | D:1      | Reached XP level 2. HP: 14/14 MP: 2/5
   856 | D:1      | Learned a level 2 spell: Slow
  1042 | D:2      | Reached XP level 3. HP: 15/18 MP: 7/7
  1726 | D:2      | Found a sparkling altar of Nemelex Xobeh.
  1726 | D:2      | Found a hazy altar of Hepliaklqana.
  1808 | D:3      | Noticed Terence
  2018 | D:3      | Killed Terence
  2018 | D:3      | Reached XP level 4. HP: 22/22 MP: 1/8
  2928 | D:3      | Learned a level 3 spell: Inner Flame
  3160 | D:4      | Reached skill level 1 in Stealth
  3162 | D:4      | Got a jewelled hand crossbow
  3163 | D:4      | Identified the +9 hand crossbow of the Spectre {flame,
                  | Str+5 Dex+2} (You found it on level 4 of the Dungeon)
  3236 | D:4      | Reached XP level 5. HP: 21/26 MP: 5/10
  3390 | D:4      | Found a glowing drain.
  3395 | Sewer    | Entered a sewer
  3469 | Sewer    | Learned a level 2 spell: Sticks to Snakes
  4217 | D:4      | Noticed a phantom
  4300 | D:4      | Killed a phantom
  4300 | D:4      | Reached skill level 5 in Dodging
  4300 | D:4      | Reached XP level 6. HP: 26/30 MP: 8/12
  4384 | D:4      | Found an iron altar of Okawaru.
  4386 | D:4      | Found a deep blue altar of Sif Muna.
  4386 | D:4      | Found a burning altar of Makhleb.
  4390 | D:4      | Found a sacrificial altar of Ru.
  4390 | D:4      | Found a shimmering altar of Xom.
  4390 | D:4      | Found a shimmering altar of Xom.
  4701 | D:5      | Entered Level 5 of the Dungeon
  4702 | D:5      | Found a staircase to the Ecumenical Temple.
  4721 | Temple   | Entered the Ecumenical Temple
  4730 | Temple   | Became a worshipper of Warmaster Okawaru
  4896 | D:5      | Reached skill level 1 in Fire Magic
  5010 | D:5      | Reached skill level 5 in Hexes
  5017 | D:5      | Found the cursed necklace of Bloodlust {*Rage +Rage MR++
                  | Int-3 Slay+6 *Curse}
  5030 | D:5      | Got a jewelled dagger
  5118 | D:5      | Killed from afar by an orc priest

Skill      XL: |  1  2  3  4  5  6 |
---------------+-------------------+-----
Fighting       | 1 2 |  2.3
Spellcasting   | 2 3 |  3.6
Hexes          | 4 5 |  5.0
Bows           | 3 4 |  4.1
Dodging        | 4 5 |  5.2
Stealth        | 1 2 3 |  3.2
Fire Magic     | 1 |  1.1
Invocations    | |  0.3

Action                   |  1- 3 |  4- 6 || total
-------------------------+-------+-------++-------
Melee: Shortbow          |     1 |       ||     1
       Dagger            |       |     2 ||     2
 Fire: Shortbow          |   203 |   291 ||   494
 Cast: Corona            |    19 |    25 ||    44
       Slow              |     8 |    24 ||    32
       Sticks to Snakes  |       |     1 ||     1
       Inner Flame       |       |     2 ||     2
  Use: Scroll            |     7 |     4 ||    11
 Stab: Sleeping          |       |     1 ||     1
  Eat: Ration            |       |     1 ||     1
Armor: Robe              |     7 |    16 ||    23
Dodge: Dodged            |    71 |   144 ||   215
